 Dungeon Crawl Stone Soup version 0.15-a0-1224-g3833f9c (webtiles) character file.

1499 Arvee the Basher (level 8, -7/132 HPs)
             Began as an Ogre Berserker on June 2, 2014.
             Was an Elder of Trog.
             Mangled by an orc warrior
             ... wielding a +0,+0 glaive
              (19 damage)
             ... on Level 6 of the Dungeon.
             The game lasted 00:16:24 (5629 turns).

Arvee the Basher (Ogre Berserker)                   Turns: 5629, Time: 00:16:24

HP  -7/132       AC  4     Str 29      XL: 8   Next: 81%
MP   8/8         EV 11     Int  6      God: Trog [****..]
Gold 344         SH  0     Dex 10      Spells:  0 memorised,  7 levels left

rFire  + . .     SeeInvis .     E - +1 giant club
rCold  x . .     Clarity  .     b - +1 animal skin
rNeg   . . .     rCorr    .     (shield restricted)
rPois  .         rRot     .     (helmet restricted)
rElec  .         Spirit   .     (no cloak)
SustAb .         Warding  .     (gloves unavailable)
rMut   .         Stasis   .     (boots unavailable)
Gourm  .                        (no amulet)
MR     .....                    e - ring of loudness
                                f - ring of fire

@: berserking (expiring), very quick, not resistant to hostile enchantments,
extremely unstealthy
A: unfitting armour, tough skin 1
a: Burn Spellbooks, Berserk, Trog's Hand, Brothers in Arms, Renounce Religion


You were on level 6 of the Dungeon.
You worshipped Trog.
Trog was greatly pleased with you.
You were not hungry.

You visited 2 branches of the dungeon, and saw 7 of its levels.

You collected 344 gold pieces.

Inventory:

Hand weapons
 E - a +1,+1 giant club (weapon)
Armour
 b - a +1 animal skin (worn)
Magical devices
 m - a wand of cold (2)
 u - a wand of paralysis (3)
 B - a wand of digging (12)
Comestibles
 c - 5 meat rations
 i - 3 bread rations
 z - a slice of pizza
 A - 14 fruits
Scrolls
 l - 3 scrolls of amnesia
 o - 5 scrolls of identify
 r - 4 scrolls of remove curse
 w - 3 scrolls of teleportation
Jewellery
 e - a ring of loudness (right hand)
 f - a ring of fire (left hand)
 p - a cursed -2 ring of strength {unknown}
Potions
 d - 5 potions of curing
 g - a potion of restore abilities {unknown}
 h - a potion of invisibility {unknown}
 j - a potion of paralysis
 k - 2 potions of heal wounds {unknown}
 q - 2 potions of haste {unknown}
 t - a potion of poison
 v - a potion of might {unknown}
 x - 2 potions of magic {unknown}
 C - a potion of cure mutation {unknown}


   Skills:
 - Level 8.2 Fighting
 + Level 10.6 Maces & Flails
 + Level 5.5 Dodging


You had 7 spell levels left.
You didn't know any spells.

Dungeon Overview and Level Annotations

Branches:
Dungeon (6/15)             Temple (1/1) D:4

Altars:
Fedhas
Makhleb
Okawaru
Yredelemnul

Shops:
D:5 %


Innate Abilities, Weirdness & Mutations

You are too large for most types of armour.
You have tough skin (AC +1).


Message History

You are too injured to fight recklessly!
You are too injured to fight recklessly!
You sock the orc priest!
The orc priest is severely wounded.
The orc warrior hits you with a glaive!!
* * * LOW HITPOINT WARNING * * *
The orc priest hits you with a runed flail.
* * * LOW HITPOINT WARNING * * *
You hammer the orc priest like a gong!!!
You kill the orc priest!
Trog accepts your kill.
You are too berserk!
You closely miss the orc warrior.
The orc warrior hits you but does no damage.
You bludgeon the orc warrior!!
The orc warrior is almost dead.
You barely miss the orc warrior.
The orc warrior is almost dead.
The orc warrior hits you with a glaive!!
You die...

#......# #.....
#......### #.....
#.§§.....#### #.....
#.§§...#....###.(...
#§§§.§.####...'.....
#.§§.§.# #####.....
####.### #..... #..#
###'## #@## #..#
#..o)...# ##.#
#.......# ###+#
#.......# #....
#.......# +....
#.......+ #....
#......(# #....
######+## #....
#....


You could see an orc warrior.

Vanquished Creatures
  Grinder (D:5)
  A sky beast (D:6)
  A phantom (D:4)
  3 ogres
  A giant frog (D:6)
  A scorpion (D:4)
  2 crimson imps (D:5)
  An orc priest (D:6)
  A gnoll shaman (D:5)
  A jelly (D:4)
  3 hounds
  4 orc wizards
  Natasha (thrice) (D:3)
  An iguana (D:6)
  A worker ant (D:4)
  Jessica (D:3)
  3 gnolls (D:5)
  A worm zombie (D:5)
  6 adders
  2 giant mites
  4 worms
  3 giant geckos
  2 oozes
  18 orcs
  A ball python (D:3)
  4 giant cockroaches
  8 hobgoblins
  9 jackals
  4 quokkas
  12 bats
  3 giant newts
  9 goblins
  A hobgoblin skeleton (D:4)
  12 kobolds
  5 rats
  A rat skeleton (D:4)
134 creatures vanquished.

Notes
Turn   | Place    | Note
--------------------------------------------------------------
     0 | D:1      | Arvee, the Ogre Berserker, began the quest for the Orb.
     0 | D:1      | Reached XP level 1. HP: 24/24 MP: 1/1
   251 | D:1      | Reached XP level 2. HP: 32/32 MP: 2/2
   603 | D:2      | Found a burning altar of Makhleb.
   658 | D:2      | Acquired Trog's second power
   658 | D:2      | Reached skill level 5 in Maces & Flails
   658 | D:2      | Reached XP level 3. HP: 33/40 MP: 3/3
  1287 | D:3      | Reached skill level 5 in Fighting
  1400 | D:3      | Noticed Jessica
  1409 | D:3      | Reached XP level 4. HP: 33/50 MP: 4/4
  1413 | D:3      | Killed Jessica
  1820 | D:3      | Noticed an ogre
  1830 | D:3      | Killed an ogre
  1830 | D:3      | Reached skill level 6 in Fighting
  1830 | D:3      | Reached XP level 5. HP: 52/59 MP: 5/5
  1909 | D:3      | Noticed Natasha
  1921 | D:3      | Killed Natasha
  2219 | D:3      | Noticed Natasha
  2223 | D:3      | Killed Natasha
  2247 | D:3      | Noticed Natasha
  2256 | D:3      | Killed Natasha
  2298 | D:4      | Reached XP level 6. HP: 51/68 MP: 6/6
  2354 | D:4      | Noticed a phantom
  2386 | D:4      | Paralysed by a potion of paralysis for 3 turns
  2390 | D:4      | Killed a phantom
  2390 | D:4      | Reached skill level 7 in Maces & Flails
  2966 | D:5      | Entered Level 5 of the Dungeon
  2966 | D:5      | Noticed Grinder
  2974 | D:5      | Killed Grinder
  2974 | D:5      | Reached skill level 8 in Fighting
  2974 | D:5      | Reached XP level 7. HP: 15/80 MP: 7/7
  3534 | D:5      | Found Wuq Gruch's Food Shoppe.
  3620 | D:5      | Reached skill level 9 in Maces & Flails
  3865 | D:5      | Reached XP level 8. HP: 81/88 MP: 8/8
  4349 | D:4      | Acquired Trog's third power
  4576 | D:4      | Found a staircase to the Ecumenical Temple.
  4582 | Temple   | Entered the Ecumenical Temple
  4982 | D:6      | Reached skill level 10 in Maces & Flails
  4982 | D:6      | Reached skill level 5 in Dodging
  5629 | D:6      | Mangled by an orc warrior

Action                   |  1- 3 |  4- 6 |  7- 9 || total
-------------------------+-------+-------+-------++-------
Melee: Mace              |    86 |    77 |    54 ||   217
       Giant club        |       |    59 |   141 ||   200
Invok: Berserk           |       |       |     2 ||     2
Evoke: Wand              |       |     5 |     5 ||    10
  Use: Scroll            |       |     9 |     5 ||    14
       Potion            |       |     3 |       ||     3
 Stab: Paralysed         |       |     9 |     6 ||    15
